 Dungeon Crawl Stone Soup version 0.18.1-8-gdd0e5ea (webtiles) character file.

85367 M4edhros the Impaler (level 16, 0/120 HPs)
             Began as a Formicid Hunter on June 4, 2016.
             Was the Champion of Dithmenos.
             Slain by a 14-headed hydra (2 damage)
             ... on level 7 of the Lair of Beasts.
             The game lasted 00:58:47 (25180 turns).

M4edhros the Impaler (Formicid Hunter)             Turns: 25180, Time: 00:58:48

Health: 0/120      AC: 15    Str: 21    XL:     16   Next: 30%
Magic:  20/20      EV: 25    Int: 15    God:    Dithmenos [******]
Gold:   803        SH: 14    Dex: 27    Spells: 2 memorised, 10 levels left

rFire  . . .     SeeInvis +     T - +7 bardiche (protect)
rCold  . . .     Gourm    .     J - +0 robe of Trog's Anger {MR+ Int+3 Dex+7}
rNeg   . . .     Faith    .     i - +0 shield
rPois  +         Spirit   .     (helmet unavailable)
rElec  .         Dismiss  .     m - +0 cloak
rCorr  .         Reflect  .     s - +2 pair of gloves {Str+3}
SustAt .         Harm     .     e - +0 pair of boots
MR     ++...                    M - amulet of regeneration
Stlth  ++++++++++               b - +3 ring of evasion
                                n - ring of poison resistance

@: cleaving, wreathed by umbra, very resistant to hostile enchantments,
uncannily stealthy
A: permanent stasis, dig shafts and tunnels, four strong arms, antennae 3, beak,
thin skeletal structure 1, yellow scales 1, agile 1, blurry vision 1, low mp 1,
shaggy fur 1
a: Dig, Shaft Self, Shadow Step, Shadow Form, Renounce Religion


You were on level 7 of the Lair of Beasts.
You worshipped Dithmenos.
Dithmenos was exalted by your worship.
You were near starving.

You visited 3 branches of the dungeon, and saw 23 of its levels.
You also visited: Sewer and Ice Cave.

You collected 1575 gold pieces.
You spent 772 gold pieces at shops.

Inventory:

Hand Weapons
 a - a +1 hand crossbow
 y - a +0 spear of venom
 Q - a cursed +2 halberd
 T - a +7 bardiche of protection (weapon)
 X - a +0 blowgun
Missiles
 d - 246 bolts
 A - 6 javelins of returning (quivered)
Armour
 e - a +0 pair of boots (worn)
 i - a +0 shield (worn)
 m - a +0 cloak (worn)
 s - a +2 pair of gloves of strength (worn)
 I - the +5 chain mail of Bant {rElec rCorr MP-9}
   (You found it on level 8 of the Dungeon)

   It insulates you from electricity.
   It affects your magic capacity (-9).
   It protects you from acid and corrosion.
 J - the +0 robe of Trog's Anger (worn) {MR+ Int+3 Dex+7}
   (You found it on level 7 of the Dungeon)

   It affects your intelligence (+3).
   It affects your dexterity (+7).
   It affects your resistance to hostile enchantments.
Rods
 z - a +2 iron rod (14/14)
   (You found it in an ice cave)
Jewellery
 b - a +3 ring of evasion (right hand)
 c - an uncursed ring of protection from fire
 g - an uncursed amulet of the gourmand {unknown}
 n - a ring of poison resistance (left hand)
 o - an uncursed ring of resist corrosion {unknown}
 M - an amulet of regeneration (around neck)
Wands
 v - a wand of lightning (0/15)
 K - a wand of digging (10/24)
 W - a wand of acid (0/15)
Scrolls
 l - 5 scrolls of magic mapping
 x - 2 scrolls of fear {unknown}
 B - 6 scrolls of recharging
 C - 3 scrolls of enchant armour {unknown}
 F - a scroll of brand weapon {unknown}
 L - a scroll of holy word {unknown}
 P - 3 scrolls of fog
 S - 2 scrolls of remove curse
 Y - a scroll of summoning {unknown}
Potions
 h - 5 potions of curing
 j - 2 potions of heal wounds
 k - 2 potions of invisibility {unknown}
 q - a potion of lignification
 D - a potion of ambrosia
 E - 6 potions of brilliance
 H - 2 potions of agility
 O - a potion of might
 U - a potion of cancellation {unknown}
 V - 3 potions of magic
 Z - a potion of resistance {unknown}
Miscellaneous
 w - a legendary deck of defence {drawn: 6}
Comestibles
 f - 15 bread rations
 p - 8 meat rations
 r - 49 fruits
 G - 13 beef jerkies
 R - a royal jelly


   Skills:
 - Level 9.0 Fighting
 * Level 16.7 Polearms
 - Level 7.7 Crossbows
 - Level 8.7 Dodging
 + Level 14.8 Stealth
 - Level 11.2 Shields
 - Level 9.1 Invocations


You had 10 spell levels left.
You knew the following spells:

 Your Spells              Type           Power        Failure   Level  Hunger
a - Mephitic Cloud        Conj/Pois/Air  #.......     80%         3    ####...
b - Corpse Rot            Necr           N/A          38%         2    ###....


Dungeon Overview and Level Annotations

Branches:
Dungeon (15/15)            Temple (1/1) D:7            Lair (7/8) D:8
 Shoals (0/4) Lair:5        Snake (0/4) Lair:5        Slime (0/6) Lair:7
    Orc (0/2) D:9          Vaults (0/5) D:14         Depths (0/5) D:15

Altars:
Ashenzari
Cheibriados
Dithmenos
Elyvilon
Fedhas
Gozag
Kikubaaqudgha
Makhleb
Nemelex Xobeh
Okawaru
Pakellas
Qazlal
Ru
Sif Muna
Trog
Vehumet
Xom
Yredelemnul
Zin
The Shining One

Shops:
D:9 =   D:13 (   D:14 !

Annotations:
D:11 exclusions: oklob plant and oklob sapling
Lair:7 exclusion: 5 oklob plants


Innate Abilities, Weirdness & Mutations

You are under a permanent stasis effect.
You can dig through walls and to a lower floor.
Your four strong arms can wield two-handed weapons with a shield.
You have a pair of large antennae on your head (SInv).
You have a beak for a mouth.
You have a somewhat thin skeletal structure (Dex +2, Stealth).
You are partially covered in yellow scales (AC +2).
You are agile. (Dex +2)
Scrolls take you a little longer to read.
Your magical capacity is low (-10% MP).
You are covered in fur (AC +1).


Message History

The 13-headed hydra closely misses you.
The 13-headed hydra completely misses you.
The 13-headed hydra barely misses you.
The 13-headed hydra completely misses you.
Unknown command.
Unknown command.
Unknown command.
Unknown command.
You lop one of the 13-headed hydra's heads off!
The 12-headed hydra grows two more!
You slash the 14-headed hydra! You peck the 14-headed hydra.
The 14-headed hydra is almost dead.
The 14-headed hydra closely misses you. You block the 14-headed hydra's attack.
The 14-headed hydra completely misses you.
The 14-headed hydra misses you. The 14-headed hydra barely misses you.
You block the 14-headed hydra's attack. The 14-headed hydra bites you!
* * * LOW HITPOINT WARNING * * *
The 14-headed hydra completely misses you.
The 14-headed hydra closely misses you. The 14-headed hydra bites you.
You die...

##########....#.........##
.....##P#.....#...#P......#
.........................##
.........................#
.........................#
........................P#
.............##....P....P#
#.#....PP....####D.#.#....
#...P#.#P......#@#......P
###....##....PP###.......
##.....##.....P.........P
#.....###....P......#...#
##.#..###....#..........#
..#.#.##......#..........
...#.+.#.........P...P..##
..............##P........#
.........................##


You could see a 14-headed hydra.

Vanquished Creatures
  Gastronok (Lair:2)
  A yaktaur captain (D:14)
  Harold (Lair:4)
  5 hydras
  4 centaur warriors
  An ogre mage (D:14)
  12 death yaks (Lair:5)
  7 skeletal warriors
  A spriggan (Lair:3)
  4 unseen horrors
  6 hill giants
  Pikel (D:8)
  2 wizards
  4 deep elf magi
  A wolf spider zombie (D:14)
  3 oklob plants (Lair:6)
  7 cyclopes
  A griffon (Lair:6)
  7 ugly things
  6 elephants (Lair:4)
  A manticore (D:10)
  A black mamba (shapeshifter) (D:14)
  8 black mambas
  4 gargoyles
  A torpor snail (Lair:7)
  2 ice statues (IceCv)
  4 centaur skeletons
  13 spiny frogs
  6 komodo dragons
  2 rime drakes (Lair:4)
  A tengu conjurer (D:13)
  2 trolls
  Grinder (D:6)
  4 two-headed ogres
  14 blink frogs
  A snapping turtle (Lair:5)
  2 boulder beetles
  5 slime creatures
  A vampire (D:13)
  Sigmund (D:2)
  A shadow (D:15)
  2 wyverns
  Eustachio (D:6)
  A centaur simulacrum (D:14)
  43 yaks
  4 basilisks
  13 hippogriffs
  3 hungry ghosts
  3 vampire mosquitoes (Lair:4)
  6 nagas (Lair:5)
  3 insubstantial wisps (Lair:4)
  2 soldier ants
  14 water moccasins
  2 swamp drakes
  10 porcupines
  Duvessa (D:6)
  6 sky beasts
  4 slaves (D:8)
  19 ice beasts
  8 orc warriors
  3 wasps
  6 ogres
  8 wolves
  5 boggarts (D:14)
  24 centaurs
  6 crocodiles
  7 big kobolds
  A gnoll sergeant (D:5)
  17 giant frogs
  A wyvern zombie (D:9)
  Dowan (D:6)
  5 scorpions
  6 killer bees
  22 wights
  6 electric eels
  4 jellies
  6 crimson imps
  2 giant frog zombies
  6 howler monkeys
  4 centaur zombies
  7 orc priests
  13 orc wizards
  A gnoll shaman (D:7)
  7 hounds
  11 iguanas
  2 giant frog skeletons
  8 worker ants
  3 hell rats (D:5)
  29 sheep
  A hound zombie (D:6)
  A hound skeleton (D:11)
  2 worker ant zombies
  A howler monkey zombie (D:8)
  11 gnolls
  15 adders
  A howler monkey skeleton (D:5)
  107 river rats
  A shadow imp (D:14)
  An adder zombie (D:9)
  An adder skeleton (D:4)
  A worm (D:2)
  9 giant geckos
  76 orcs
  10 ball pythons
  8 giant cockroaches
  8 goblins
  15 hobgoblins
  10 jackals
  8 bats
  2 giant gecko skeletons
  A giant gecko zombie (D:6)
  6 giant newts
  A jackal zombie (D:7)
  52 kobolds
  24 rats
  2 butterflies
  2 fungi
  3 plants
896 creatures vanquished.

Vanquished Creatures (others)
  A fire giant (D:15)
  A jackal (D:8)
  25 fungi
  11 plants
38 creatures vanquished.

Grand Total: 934 creatures vanquished

Notes
Turn   | Place    | Note
--------------------------------------------------------------
     0 | D:1      | M4edhros the Formicid Hunter began the quest for the Orb.
     0 | D:1      | Reached XP level 1. HP: 16/16 MP: 1/1
   148 | D:1      | You are sucked into a shaft!
   413 | D:2      | Reached XP level 2. HP: 15/23 MP: 2/2
   738 | D:2      | Reached XP level 3. HP: 22/28 MP: 3/3
  1297 | D:2      | Noticed Sigmund
  1549 | D:3      | Reached XP level 4. HP: 33/34 MP: 4/4
  1567 | D:3      | Found a glowing drain.
  1606 | Sewer    | Entered a sewer
  1632 | Sewer    | Gained mutation: You are surrounded by a mild repulsion field (EV +2). [potion of mutation]
  1632 | Sewer    | Gained mutation: Scrolls take you a little longer to read. [potion of mutation]
  1641 | Sewer    | Reached skill level 1 in Polearms
  1956 | Sewer    | Noticed a big kobold
  2004 | Sewer    | Killed a big kobold
  2004 | Sewer    | Reached XP level 5. HP: 22/41 MP: 5/5
  2075 | Sewer    | Found a white marble altar of Elyvilon.
  2185 | D:4      | Found a sacrificial altar of Ru.
  2255 | D:4      | Reached skill level 2 in Polearms
  2255 | D:4      | Reached skill level 5 in Crossbows
  2255 | D:4      | Reached XP level 6. HP: 20/47 MP: 6/6
  2448 | D:4      | Found a sparkling altar of Nemelex Xobeh.
  2459 | D:4      | Found a burning altar of Makhleb.
  2954 | D:4      | Lost mutation: Scrolls take you a little longer to read. [helix card]
  3187 | D:4      | Noticed an ogre
  3191 | D:4      | Lost mutation: You are surrounded by a mild repulsion field (EV +2). [helix card]
  3221 | D:4      | Killed an ogre
  3221 | D:4      | Reached XP level 7. HP: 52/52 MP: 7/7
  3780 | D:4      | Reached skill level 3 in Polearms
  3859 | D:4      | Found an opulent altar of Gozag.
  3879 | D:5      | Entered Level 5 of the Dungeon
  4048 | D:5      | Gained mutation: You are robust (+10% HP). [mutagenic meat]
  4049 | D:5      | Gained mutation: You have a beak for a mouth. [mutagenic meat]
  4050 | D:5      | Gained mutation: You are covered in fur (AC +1). [mutagenic meat]
  4278 | D:5      | Reached XP level 8. HP: 58/66 MP: 8/8
  4412 | D:5      | Reached skill level 4 in Polearms
  4465 | D:5      | Identified the Collected Works on Cloudy Conjuration
  4921 | D:6      | Reached skill level 5 in Stealth
  4996 | D:6      | Reached skill level 5 in Fighting
  4996 | D:6      | Reached skill level 5 in Polearms
  4996 | D:6      | Reached XP level 9. HP: 60/74 MP: 9/9
  5004 | D:6      | Lost mutation: You are robust (+10% HP). [mutagenic meat]
  5005 | D:6      | Gained mutation: You are partially covered in yellow scales (AC +2). [mutagenic meat]
  5007 | D:6      | Gained mutation: You are frail (-10% HP). [mutagenic meat]
  5008 | D:6      | Gained mutation: Your natural rate of healing is unusually fast. [mutagenic meat]
  5009 | D:6      | Gained mutation: You are agile. (Dex +2) [mutagenic meat]
  5048 | D:6      | Noticed Eustachio
  5067 | D:6      | Killed Eustachio
  5154 | D:6      | Noticed Grinder
  5201 | D:6      | Killed Grinder
  5219 | D:6      | Found an iron altar of Okawaru.
  5250 | D:6      | Found a shimmering altar of Xom.
  5306 | D:6      | Found a shattered altar of Ashenzari.
  5306 | D:6      | Found an oddly glowing altar of Pakellas.
  5433 | D:6      | Reached skill level 6 in Polearms
  5503 | D:6      | Noticed Duvessa
  5503 | D:6      | Noticed Dowan
  5556 | D:6      | Killed Duvessa
  5559 | D:6      | Killed Dowan
  5999 | D:7      | Found a staircase to the Ecumenical Temple.
  6014 | D:7      | Reached XP level 10. HP: 68/68 MP: 10/10
  6019 | Temple   | Entered the Ecumenical Temple
  6039 | Temple   | Became a worshipper of Dithmenos the Shadowed
  6622 | D:2      | Reached * piety under Dithmenos
  6645 | D:2      | Killed Sigmund
  6645 | D:2      | Reached skill level 7 in Polearms
  6988 | D:3      | Found a faded altar to an unknown god.
  7844 | D:7      | Reached ** piety under Dithmenos
  7925 | D:7      | Gained mutation: You are weak. (Str -2) [mutagenic meat]
  7926 | D:7      | Gained mutation: Your magical capacity is low (-10% MP). [mutagenic meat]
  8126 | D:7      | Got a thick robe
  8137 | D:7      | Identified the cursed +0 robe of Trog's Anger {MR+ Int+3 Dex+7} (You found it on level 7 of the Dungeon)
  8435 | D:8      | Got a translucent chain mail
  8498 | D:8      | Noticed Pikel
  8532 | D:8      | Reached skill level 8 in Polearms
  8641 | D:8      | Killed Pikel
  8641 | D:8      | Reached skill level 5 in Dodging
  9211 | D:8      | Found a staircase to the Lair.
  9882 | D:9      | Found Guilacyoq's Jewellery Boutique.
  9927 | D:9      | Reached XP level 11. HP: 47/75 MP: 9/9
 10085 | D:9      | Reached *** piety under Dithmenos
 10155 | D:9      | Reached skill level 9 in Polearms
 10486 | D:9      | Found a staircase to the Orcish Mines.
 10711 | D:9      | Reached **** piety under Dithmenos
 10958 | D:9      | Found a stormy altar of Qazlal.
 11523 | D:9      | Identified the +5 chain mail of Bant {rElec rCorr MP-9} (You found it on level 8 of the Dungeon)
 11536 | D:10     | Entered Level 10 of the Dungeon
 11815 | D:10     | Noticed a hill giant
 11839 | D:10     | Killed a hill giant
 12326 | D:10     | Noticed a hill giant
 12347 | D:10     | Killed a hill giant
 12347 | D:10     | Reached skill level 1 in Shields
 12665 | D:11     | Noticed a manticore
 12713 | D:10     | Killed a manticore
 12713 | D:10     | Reached skill level 10 in Polearms
 12855 | D:11     | Reached ***** piety under Dithmenos
 13025 | D:11     | Reached skill level 10 in Stealth
 13026 | D:11     | Noticed a cyclops
 13044 | D:11     | Reached XP level 12. HP: 79/84 MP: 10/10
 13272 | D:11     | Noticed an unseen horror
 13291 | D:11     | Killed an unseen horror
 13773 | D:11     | Identified the Almanac of Nature
 13912 | D:12     | Noticed an unseen horror
 13922 | D:12     | Killed an unseen horror
 14050 | D:12     | Noticed an unseen horror
 14061 | D:12     | Killed an unseen horror
 14183 | D:12     | Reached skill level 5 in Shields
 14366 | D:12     | Identified a scroll of acquirement
 14491 | D:13     | Reached skill level 11 in Polearms
 14577 | D:13     | Noticed a centaur warrior
 14587 | D:13     | Killed a centaur warrior
 14846 | D:13     | Reached XP level 13. HP: 90/90 MP: 11/11
 15001 | D:13     | Reached skill level 12 in Polearms
 15300 | D:13     | Found Lar Ass's Antique Weapon Shoppe.
 15303 | D:13     | Bought a jewelled lajatang for 580 gold pieces
 15469 | D:14     | Found Lintug's Distillery.
 15472 | D:14     | Identified the cursed +1 lajatang "Luwiac" {slice, +Blink Int-3 Dex+3} (You bought it in a shop on level 13 of the Dungeon)
 15476 | D:14     | Bought a potion of curing for 36 gold pieces
 15476 | D:14     | Bought a potion of heal wounds for 60 gold pieces
 15476 | D:14     | Bought a potion of heal wounds for 60 gold pieces
 15476 | D:14     | Bought a potion of curing for 36 gold pieces
 15606 | D:14     | Reached skill level 13 in Polearms
 15614 | D:14     | Found a basalt altar of Yredelemnul.
 15794 | D:14     | Noticed a centaur warrior
 15796 | D:14     | Killed a centaur warrior
 15950 | D:14     | Noticed a yaktaur captain
 15969 | D:14     | Killed a yaktaur captain
 16060 | D:14     | Found a gate to the Vaults.
 16065 | D:14     | Reached ****** piety under Dithmenos
 16636 | D:15     | Entered Level 15 of the Dungeon
 16669 | D:15     | Learned a level 3 spell: Mephitic Cloud
 16685 | D:15     | Reached skill level 14 in Polearms
 16685 | D:15     | Reached XP level 14. HP: 97/97 MP: 12/12
 16788 | D:15     | Found a staircase to the Depths.
 16788 | D:15     | Noticed a fire giant
 16808 | D:15     | Killed a fire giant
 16808 | D:15     | Reached skill level 10 in Shields
 17223 | D:15     | Lost mutation: Your natural rate of healing is unusually fast. [mutagenic meat]
 17225 | D:15     | Lost mutation: Your magical capacity is low (-10% MP). [mutagenic meat]
 17227 | D:15     | Lost mutation: You are weak. (Str -2) [mutagenic meat]
 17228 | D:15     | Lost mutation: You are frail (-10% HP). [mutagenic meat]
 17229 | D:15     | Gained mutation: Your magical capacity is low (-10% MP). [mutagenic meat]
 17230 | D:15     | Gained mutation: You have a somewhat thin skeletal structure (Dex +2, Stealth). [mutagenic meat]
 17232 | D:15     | Gained mutation: Scrolls take you a little longer to read. [mutagenic meat]
 18045 | Lair:1   | Entered Level 1 of the Lair of Beasts
 18891 | Lair:2   | Got an iridescent quarterstaff
 18892 | Lair:2   | Identified the +5 quarterstaff "Jayleroiwowk" {flame, *Confuse rN++ Str+7} (You found it on level 2 of the Lair of Beasts)
 18983 | Lair:2   | Reached skill level 15 in Polearms
 19089 | Lair:2   | Noticed Gastronok
 19114 | Lair:2   | Killed Gastronok
 20409 | Lair:4   | Reached XP level 15. HP: 89/113 MP: 13/13
 20455 | Lair:4   | Found a frozen archway.
 20558 | IceCv    | Entered an ice cave
 20955 | IceCv    | Reached skill level 1 in Invocations
 21195 | Lair:4   | Noticed Harold
 21207 | Lair:4   | Killed Harold
 21257 | Lair:4   | Reached skill level 5 in Invocations
 22637 | Lair:5   | Found a staircase to the Snake Pit.
 22917 | Lair:5   | Found a staircase to the Shoals.
 22973 | Lair:5   | Reached skill level 16 in Polearms
 23472 | Lair:6   | Reached XP level 16. HP: 65/120 MP: 11/20
 23793 | Lair:6   | Got a shimmering plate armour
 23832 | Lair:6   | Identified the +4 plate armour "Ziloh" {Int+2} (You found it on level 6 of the Lair of Beasts)
 24033 | Lair:6   | Found an ancient bone altar of Kikubaaqudgha.
 24635 | Lair:7   | Learned a level 2 spell: Corpse Rot
 25000 | Lair:7   | Found a staircase to the Slime Pits.
 25180 | Lair:7   | HP: 2/120 [14-headed hydra (9)]
 25180 | Lair:7   | Slain by a 14-headed hydra

Skill      XL: |  1  2  3  4  5  6  7  8  9 10 11 12 13 14 15 |
---------------+----------------------------------------------+-----
Stealth        | 2 3 4 5 6 8 10 13 14 | 14.8
Dodging        | 2 3 4 6 7 8 |  8.7
Polearms       | 1 2 3 5 6 8 10 11 14 15 16 | 16.7
Fighting       | 3 4 5 6 7 8 9 |  9.0
Crossbows      | 5 6 7 |  7.7
Shields        | 2 6 9 11 | 11.2
Invocations    | 9 |  9.1

Action                   |  1- 3 |  4- 6 |  7- 9 | 10-12 | 13-15 | 16-18 || total
-------------------------+-------+-------+-------+-------+-------+-------++-------
Melee: Spear             |   141 |   316 |   474 |  1420 |       |       ||  2351
       Peck              |       |       |   100 |   378 |   324 |    62 ||   864
       Bardiche          |       |       |       |    48 |  1093 |   228 ||  1369
 Fire: Hand crossbow     |     1 |     4 |       |    28 |       |       ||    33
 Abil: Shaft Self        |     1 |       |       |       |       |       ||     1
       Dig               |       |       |     4 |    19 |    20 |     8 ||    51
Evoke: Deck              |       |    10 |       |       |     2 |     4 ||    16
       Wand              |       |       |     1 |    11 |     5 |     4 ||    21
  Use: Potion            |     1 |     8 |       |     7 |     1 |     2 ||    19
       Scroll            |       |       |     6 |    11 |     9 |     1 ||    27
 Stab: Sleeping          |     2 |     3 |     4 |    42 |    84 |    22 ||   157
       Distracted        |       |       |     1 |     7 |    12 |     2 ||    22
       Confused          |       |       |       |     2 |     2 |       ||     4
  Eat: Chunk             |     2 |     2 |    19 |    37 |    23 |     5 ||    88
       Meat ration       |       |     1 |       |       |     3 |       ||     4
       Pizza             |       |       |       |     1 |     3 |       ||     4
       Royal jelly       |       |       |       |     1 |     3 |       ||     4
       Fruit             |       |       |       |       |     1 |       ||     1
       Beef jerky        |       |       |       |       |     1 |       ||     1
Armor: Leather armour    |     8 |       |       |       |       |       ||     8
       Ring mail         |    41 |    97 |   129 |       |       |       ||   267
       Skin              |       |     5 |       |    30 |       |    45 ||    80
       Plate armour      |       |       |    32 |    76 |       |       ||   108
       Robe              |       |       |       |   116 |   126 |    47 ||   289
       Chain mail        |       |       |       |       |    50 |    19 ||    69
Dodge: Dodged            |    90 |   204 |   221 |   723 |   901 |   246 ||  2385
Block: Shield            |       |       |       |   197 |   800 |   220 ||  1217
